 Seeded DCSS version 0.30-a0-135-g630cfc4551 (webtiles) character file.

Game seed: 17246712331252751712 (custom seed)

9 wilfster70 the Chiller (level 2, 17/20 HPs)
             Began as a Gnoll Ice Elementalist on Sept 20, 2022.
             Quit the game on level 1 of the Dungeon.
             The game lasted 00:01:33 (311 turns).

wilfster70 the Chiller (Gnoll Ice Elementalist)      Turns: 311, Time: 00:01:33

Health: 17/20      AC:  4    Str:  7    XL:     2   Next: 16%
Magic:  2/2        EV: 14    Int: 14    God:
Gold:   10         SH:  0    Dex: 15    Spells: 9/10 levels left

rFire   . . .      SeeInvis .    a - +5 lajatang (antimagic)
rCold   . . .      Faith    .    (shield currently unavailable)
rNeg    . . .      Spirit   .    c - +0 robe
rPois   .          Reflect  .    (no helmet)
rElec   .          Harm     .    (no cloak)
rCorr   .          Rampage  .    f - +1 pair of gloves {Dex+3}
Will    .....                    (no boots)
Stlth   +++.......               (no amulet)
HPRegen 0.06/turn                (no ring)
MPRegen 0.08/turn                (no ring)

@: no status effects
A: fangs 1, strong nose, distributed training
a: no special abilities


You were on level 1 of the Dungeon.
You visited 1 branch of the dungeon, and saw 1 of its levels.

You collected 10 gold pieces.

Inventory:

Hand Weapons
 a - a +5 antimagic lajatang (weapon)
Armour
 c - a +0 robe (worn)
 f - a +1 pair of gloves of dexterity (worn)
Jewellery
 e - a ring of ice
Potions
 b - a potion of magic
 d - a potion of lignification {unknown}


   Skills:
 + Level 0.3 Fighting
 + Level 0.3 Short Blades
 + Level 0.3 Long Blades
 + Level 0.3 Axes
 + Level 0.3 Maces & Flails
 + Level 0.3 Polearms
 + Level 0.3 Staves
 + Level 0.3 Ranged Weapons
 + Level 0.3 Throwing
 + Level 0.3 Armour
 + Level 4.4 Dodging
 + Level 4.0 Stealth
 + Level 0.3 Shields
 + Level 0.3 Unarmed Combat
 + Level 4.9 Spellcasting
 + Level 0.2 Conjurations
 + Level 0.2 Hexes
 + Level 0.2 Summonings
 + Level 0.2 Necromancy
 + Level 0.2 Translocations
 + Level 0.2 Transmutations
 + Level 0.2 Fire Magic
 + Level 7.0 Ice Magic
 + Level 0.2 Air Magic
 + Level 0.2 Earth Magic
 + Level 0.2 Poison Magic
 + Level 0.4 Invocations
 + Level 0.3 Evocations


You had 9 spell levels left.
You knew the following spells:

 Your Spells              Type           Power      Damage    Failure   Level
a - Freeze                Ice            92%        1d10      1%          1

Your spell library contained the following spells:

 Spells                   Type           Power      Damage    Failure   Level
 Frozen Ramparts          Ice            46%        1d7       3%          3
 Ozocubu's Armour         Ice            23%        N/A       3%          3
 Hailstorm                Conj/Ice       13%        3d5       36%         4


Dungeon Overview and Level Annotations

Branches:
Dungeon (1/15)

Altars:


Innate Abilities, Weirdness & Mutations

You have very sharp teeth.
Your uncanny sense of smell can sniff out nearby items.
Your experience applies equally to all skills.


Message History

The kobold hits you but does no damage. The rat bites you but does no damage.
You hit the kobold.
The kobold is moderately wounded.
The rat barely misses you.
The kobold hits you with a +0 short sword.
You hit the kobold.
You kill the kobold!
The rat closely misses you.
The giant cockroach bites you but does no damage.
You have reached level 2!
The rat attacks as you move away! The rat misses you.
The giant cockroach bites you but does no damage.
You slash the giant cockroach!
You kill the giant cockroach!
The rat misses you. The rat bites you but does no damage. The rat misses you.
You see here a giant cockroach corpse.
You slash the rat!
You kill the rat!
Found a blackened pearl ring.
Found a black potion.
d - a black potion
e - a ring of ice
Found a stone staircase leading down.
A rat comes into view.
Found a scroll of acquirement.
Found 10 gold pieces.
The rat barely misses you.
You closely miss the rat. The rat misses you. The rat bites you.
You slash the rat!
You kill the rat!
f - a scroll of acquirement Something appears at your feet!
f - a +1 pair of gloves of dexterity You start putting on your armour.
You continue putting on your +1 pair of gloves of dexterity. x4
You finish putting on your +1 pair of gloves of dexterity.
You feel agile.
You now have 10 gold pieces.
Are you sure you want to abandon this character and quit the game? (Confirm with "yes".)

#########
#.......#
#.....@.#
#.......#
#.......#
#.......# ∆∆
####.......#
#..........#
#.##.......#
##.#...†....#
#..#.########


There were no monsters in sight!

Vanquished Creatures
  A bat (D:1)
  2 endoplasms (D:1)
  A giant cockroach (D:1)
  A kobold (D:1)
  A quokka (D:1)
  2 rats (D:1)
8 creatures vanquished.

Notes
Turn   | Place    | Note
-------+----------+-------------------------------------------
     0 | D:1      | wilfster70 the Gnoll Ice Elementalist began the quest for
                  | the Orb.
     0 | D:1      | Reached XP level 1. HP: 13/13 MP: 6/6
    80 | D:1      | Identified a scroll of acquirement
    80 | D:1      | Acquired a +5 antimagic lajatang
   227 | D:1      | Reached XP level 2. HP: 13/19 MP: 2/7
   298 | D:1      | Acquired a +1 pair of gloves of dexterity
   311 | D:1      | Quit the game

Illustrated notes

Levels and vault maps discovered:
D:1:      evilmike_arrival_plus, layout_rooms

Action                   || total
-------------------------++-------
Melee: Lajatang          ||    10
       Bite              ||     1
 Cast: Freeze            ||     6
  Use: Scroll            ||     2
Armor: Robe              ||     8
Dodge: Dodged            ||    12

Table legend: (Time is in decaauts)
 A = Elapsed time spent in this place.
 B = Non-inter-level travel time spent in this place.
 C = Inter-level travel time spent in this place.
 D = Time resting spent in this place.
 E = Time spent auto-exploring this place.
 F = Levels seen in this place.
 G = Mean time per level.
                   A        B        C        D        E       F      G
               +--------+--------+--------+--------+--------+-----+--------+
         Total |    314 |    314 |      0 |    134 |      0 |   1 |  314.0 |
       Dungeon |    314 |    314 |      0 |    134 |      0 |   1 |  314.0 |
               +--------+--------+--------+--------+--------+-----+--------+

Top non-repeatable levels by time:
     D:1: 314 daAuts
